Map: Frost LE

Players

Highlander

  • Race: Terran Terran
  • League: Bronze

Gracz

  • Race: Protoss Protoss
  • League: Bronze

VOD

Have the link to the VOD?

Description

Time

  • Played on: Sept. 17, 2016, 1:43 p.m.
  • Length: 24:46
Show
View Real Time Build Order
Export as new Build Order

Highlander Terran 

Build Orders:  

Get SALT Encoding   

  12  0:21  SCV  
  13  0:24  Supply Depot  
  13  0:33  SCV  
  14  0:45  SCV  
  14  0:47  Supply Depot  
  15  0:54  Barracks  
  15  0:57  SCV  
  16  1:09  Refinery, SCV  
  17  1:21  Refinery, SCV  
  18  1:33  SCV  
  19  1:46  SCV  
  20  1:50  Bunker  
  20  2:06  Barracks Reactor, Engineering Bay  
  20  2:10  SCV  
  21  2:21  Bunker  
  21  2:22  SCV  
  22  2:34  SCV  
  23  2:39  Barracks  
  23  2:46  Marine x2, SCV  
  26  2:58  SCV  
  26  3:04  Marine x2  
  29  3:05  Sensor Tower  
  29  3:22  Marine x2  
  31  3:29  Factory  
  31  3:30  Terran Infantry Weapons Level 1  
  31  3:37  Barracks Reactor, Sensor Tower  
  31  3:48  Supply Depot  
  31  4:09  Marine x2  
  33  4:12  Supply Depot  
  33  4:13  Sensor Tower  
  33  4:53  Missile Turret, Starport  
  33  5:00  Orbital Command  
  33  5:04  Marine x2  
  33  5:05  Marine x2  
  33  5:22  Marine x2  
  33  5:23  Marine x2  
  37  5:29  Starport  
  37  5:32  Supply Depot  
  37  5:40  Marine x3, Starport Tech Lab  
  37  5:41  Marine  
  41  5:45  Factory Tech Lab  
  41  5:53  Missile Turret  
  41  5:58  Marine x4  
  41  6:01  Supply Depot  
  45  6:06  Starport Tech Lab  
  45  6:08  Cloaking Field  
  45  6:12  Missile Turret  
  45  6:16  Marine x2  
  47  6:21  Missile Turret  
  47  6:33  Marine x3  
  47  6:34  Marine  
  51  6:50  Marine  
  51  6:51  Marine x2  
  44  7:01  Marine  
  40  7:08  Marine x2  
  40  7:09  Marine  
  41  7:19  Marine  
  39  7:26  Marine x2  
  39  7:27  Marine, Banshee x2  
  43  7:37  Marine  
  43  7:44  Marine x2  
  43  7:45  Marine  
  45  7:55  Marine  
  46  8:02  Marine x3, Siege Tank  
  46  8:04  Supply Depot  
  52  8:10  Banshee  
  55  8:25  Banshee  
  50  8:53  Banshee  
  53  9:08  Banshee  
  56  9:36  Banshee  
  59  9:51  Banshee  
  62  10:48  Supply Depot  
  62  10:54  Banshee x2  
  68  11:11  Supply Depot  
  52  11:37  Banshee x2  
  58  11:49  Orbital Command  
  58  12:20  Banshee x2  
  64  12:22  Refinery  
  64  12:25  Refinery  
  64  12:33  Missile Turret  
  64  12:52  Missile Turret  
  64  13:02  Banshee x2  
  70  13:06  Marine x3  
  70  13:07  Marine  
  74  13:24  Marine x4  
  74  13:25  Terran Infantry Armor Level 1  
  78  13:42  Marine x4  
  78  13:45  Banshee x2  
  88  13:52  Fusion Core  
  88  13:59  Marine  
  88  14:00  Marine x3  
  92  14:18  Marine x4  
  96  14:36  Marine x4  
  100  14:42  Supply Depot  
  100  14:54  Marine x3  
  103  15:03  Marine  
  104  15:11  Marine  
  104  15:12  Marine  
  88  16:03  Marine x4  
  92  16:09  Viking  
  92  16:10  Viking  
  96  16:20  Marine  
  96  16:21  Marine x3  
  100  16:38  Marine x2  
  100  16:39  Marine x2, Viking x2  
  108  16:56  Marine x3  
  108  16:57  Supply Depot  
  111  17:14  Marine, Viking x2  
  116  17:19  Supply Depot  
  116  17:44  Battlecruiser  
  119  18:31  Banshee  
  118  18:36  Marine x4  
  120  18:48  Banshee  
  120  18:53  Marine  
  120  18:54  Marine x3  
  127  19:11  Marine x2  
  127  19:12  Marine x2  
  127  19:14  Banshee  
  134  19:29  Marine x3  
  134  19:30  Marine  
  134  19:31  Banshee  
  141  19:47  Marine x4  
  141  19:49  Weapon Refit  
  145  19:57  Banshee  
  148  20:05  Marine x3  
  151  20:08  Armory  
  151  20:16  Banshee  
  151  20:17  Marine  
  147  20:22  Marine  
  147  20:23  Marine x2  
  141  20:35  Marine  
  141  20:40  Marine, Banshee  
  141  20:41  Marine x2  
  148  20:42  Orbital Command  
  148  20:53  Marine  
  149  21:23  Viking  
  151  22:01  Supply Depot  
  151  22:02  Command Center  
  151  22:04  Terran Vehicle Weapons Level 1  
  151  22:23  Banshee  
  154  22:58  Supply Depot  
  154  23:06  Viking  
  156  23:17  Refinery  
  156  23:18  Refinery  
  156  23:44  Supply Depot  
  156  23:55  SCV  
  157  24:07  SCV  
  157  24:08  Supply Depot  
  158  24:19  SCV  
  158  24:31  SCV  
Show
View Real Time Build Order
Export as new Build Order

Gracz Protoss 

Build Orders:  

Get SALT Encoding   

  12  0:02  Probe (Chrono Boost)  
  13  0:17  Pylon  
  13  0:25  Probe (Chrono Boost)  
  14  0:46  Gateway  
  14  0:48  Gateway  
  14  0:52  Assimilator  
  14  0:55  Probe (Chrono Boost)  
  15  1:09  Probe (Chrono Boost)  
  16  1:19  Probe (Chrono Boost)  
  16  1:20  Gateway  
  17  2:06  Pylon  
  17  2:08  Cybernetics Core  
  17  2:11  Gateway  
  17  2:12  Gateway  
  17  2:20  Probe (Chrono Boost)  
  18  2:23  Assimilator  
  18  2:31  Probe (Chrono Boost), Warp Gate  
  19  2:42  Probe (Chrono Boost)  
  20  2:54  Probe (Chrono Boost)  
  21  3:07  Nexus, Probe (Chrono Boost)  
  22  3:17  Stargate  
  22  3:54  Probe (Chrono Boost)  
  23  4:01  Stalker x2  
  23  4:02  Stalker  
  29  4:06  Probe (Chrono Boost)  
  30  4:16  Pylon  
  31  4:18  Probe (Chrono Boost)  
  31  4:31  Pylon  
  31  4:49  Stalker  
  31  4:50  Stalker x2  
  31  4:51  Stalker x2  
  41  5:15  Stalker  
  41  5:16  Stalker x2  
  47  5:22  Stargate  
  47  5:32  Probe (Chrono Boost)  
  47  5:33  Probe (Chrono Boost)  
  49  5:42  Probe (Chrono Boost)  
  50  5:45  Probe (Chrono Boost)  
  51  5:53  Probe (Chrono Boost)  
  51  5:56  Robotics Facility, Stalker  
  54  6:02  Pylon  
  54  6:17  Gateway  
  54  6:20  Gateway  
  54  6:22  Stalker x2  
  42  7:53  Stalker x2  
  42  7:54  Stalker x3  
  42  7:56  Void Ray  
  56  8:00  Immortal  
  60  8:05  Stalker  
  62  8:13  Pylon  
  54  8:49  Stalker x3  
  54  8:50  Stalker  
  62  9:04  Probe (Chrono Boost)  
  62  9:05  Probe (Chrono Boost)  
  62  9:06  Assimilator  
  62  9:08  Assimilator  
  65  9:17  Probe (Chrono Boost)  
  61  9:47  Stalker x4  
  69  9:58  Pylon  
  69  10:02  Pylon  
  69  10:06  Pylon  
  69  10:10  Pylon  
  69  10:16  Pylon  
  69  10:18  Probe (Chrono Boost)  
  69  10:19  Probe (Chrono Boost)  
  69  10:20  Pylon  
  71  10:22  Fleet Beacon  
  68  10:28  Probe (Chrono Boost)  
  68  10:31  Probe (Chrono Boost)  
  68  10:39  Probe (Chrono Boost)  
  70  10:43  Probe (Chrono Boost)  
  70  10:51  Robotics Facility  
  70  10:56  Robotics Bay  
  70  10:59  Stargate  
  38  11:33  Stalker x2  
  38  11:34  Stalker  
  44  11:56  Stalker x2  
  48  12:16  Nexus  
  48  12:19  Assimilator  
  48  12:23  Pylon  
  48  12:24  Assimilator  
  48  12:27  Stargate  
  48  12:29  Stargate, Pylon  
  48  12:31  Stargate  
  48  12:33  Pylon  
  48  12:37  Pylon  
  48  12:40  Pylon  
  48  12:43  Pylon, Tempest  
  52  12:45  Robotics Facility  
  52  12:46  Pylon  
  52  12:51  Stalker  
  54  12:59  Probe (Chrono Boost)  
  54  13:00  Probe (Chrono Boost)  
  56  13:06  Stalker  
  56  13:07  Stalker  
  56  13:10  Probe (Chrono Boost)  
  62  13:13  Probe (Chrono Boost)  
  62  13:14  Nexus  
  62  13:19  Oracle  
  62  13:20  Probe (Chrono Boost)  
  62  13:25  Probe (Chrono Boost)  
  62  13:26  Carrier  
  73  13:27  Assimilator  
  73  13:34  Observer  
  74  13:37  Probe (Chrono Boost)  
  75  13:46  Pylon  
  75  13:49  Pylon  
  75  13:53  Pylon  
  75  13:54  Assimilator  
  75  14:02  Stalker x2  
  79  14:08  Probe (Chrono Boost)  
  80  14:13  Stalker  
  82  14:42  Stalker x3  
  82  14:43  Stalker  
  82  14:44  Stalker  
  92  14:55  Probe (Chrono Boost)  
  93  15:05  Probe (Chrono Boost)  
  90  15:16  Probe (Chrono Boost)  
  79  15:25  Stalker  
  79  15:26  Stalker x2, Probe (Chrono Boost)  
  68  15:37  Mothership Core (Chrono Boost)  
  56  15:57  Carrier  
  56  16:22  Nexus  
  56  16:25  Assimilator  
  53  16:28  Assimilator  
  53  16:36  Stalker  
  53  16:53  Forge  
  53  16:58  Pylon  
  53  17:01  Pylon  
  53  17:25  Pylon  
  53  17:31  Photon Cannon  
  53  17:32  Photon Cannon  
  53  17:34  Photon Cannon  
  53  17:37  Photon Cannon  
  52  17:38  Photon Cannon  
  52  17:39  Photon Cannon  
  52  17:41  Photon Cannon  
  52  17:43  Photon Cannon  
  52  17:47  Photon Cannon  
  52  17:49  Photon Cannon  
  50  18:14  Stalker  
  50  18:15  Stalker  
  50  18:16  Stalker x3  
  31  18:52  Stalker  
  31  18:53  Stalker  
  31  18:54  Stalker x2  
  31  18:55  Stalker  
  34  19:29  Nexus  
  34  19:32  Pylon  
  34  19:39  Gateway  
  34  19:40  Gateway  
  18  21:01  Gateway x2  
  18  21:09  Probe (Chrono Boost)  
  19  21:19  Probe (Chrono Boost)  
  19  21:22  Gateway  
  20  21:29  Gateway  
  20  21:32  Gateway  
  20  21:33  Gateway  
  20  21:35  Gateway  
  21  21:40  Probe (Chrono Boost)  
  12  21:50  Probe (Chrono Boost)  
  7  21:56  Pylon  
  7  22:00  Pylon  
  7  22:01  Probe (Chrono Boost)  
  8  22:04  Pylon  
  8  22:11  Probe (Chrono Boost)  
  8  22:13  Assimilator  
  9  22:22  Probe (Chrono Boost)  
  10  22:32  Probe (Chrono Boost)  
  11  22:43  Probe (Chrono Boost)  
  12  22:51  Cybernetics Core  
  12  22:53  Probe (Chrono Boost)  
  13  23:04  Probe (Chrono Boost)  
  14  23:21  Probe (Chrono Boost)  
  15  23:27  Stalker x4  
  15  23:28  Stalker  
  15  23:29  Stalker  
  15  23:30  Sentry, Stalker  
  15  23:32  Probe (Chrono Boost)  
  32  23:42  Probe (Chrono Boost)  
  33  24:00  Gateway  
  33  24:02  Gateway  
  33  24:19  Stalker x2  
  33  24:20  Stalker x2  
  33  24:21  Stalker x2  
  19  24:34  Zealot  
Tags
 
Add a new tag
Caveats
  • Supply blocks, unpowered buildings, or Contaminate may cause inaccurate times.
  • Supply counts are checked every 10 seconds.